AoeStats
← iisraelunna

Arena

510406896Analyzed
1v1 RM · 24h ago on Sep 30, 2026· 31m 46s· 2 players
Game mode
Random Map
Map size
Tiny (2 player)
Population
200
Speed
Normal
Resources
Standard
Victory
Conquest
Starting age
Dark Age
Ending age
Imperial Age
RankedLock teamsTeams togetherTeam positionsShared explorationLock speedFull tech treeHidden civsTurbo modeCheats
Victory
Defeat
🇲🇽 Muisca · Mexico
936
+17
🇨🇷 Berbers · Costa Rica
949
-49
iisraelunna
9:54 Feudal Age
11:20 Wheelbarrow
13:09 Double-Bit Axe
17:09 Castle Age
16:17 Forging
16:11 Scale Mail Armor
18:25 Iron Casting
17:47 Champi Runner
20:03 Bow Saw
23:05 Hand Cart
28:11 Imperial Age
27:44 Champi Warrior
30:52 Elite Champi Warrior
jpablo916
12:38 Feudal Age
14:45 Loom
18:20 Castle Age
16:09 Horse Collar
16:22 Double-Bit Axe
20:48 Crossbowman
32:19 Thumb Ring
31:35 Elite Skirmisher
Connection lost

Rejoining the realm…

Still unreachable

The connection could not be restored.

Session expired

The server has moved on; the page needs a fresh start.